 Dungeon Crawl Stone Soup version 0.16.1-16-gc44b35d (webtiles) character file.

242080 KarvaRausku the Severer (level 20, -22/160 HPs)
             Began as a Human Fighter on Apr 15, 2015.
             Was the Champion of Okawaru.
             Hit by a large rock thrown by a stone giant (32 damage)
             ... on level 2 of the Vaults.
             The game lasted 03:53:22 (50354 turns).

KarvaRausku the Severer (Human Fighter)            Turns: 50354, Time: 03:53:23

Health: -22/160    AC: 33    Str: 28    XL:     20   Next: 15%
Magic:  19/19      EV: 20    Int: 21    God:    Okawaru [******]
Gold:   2782       SH: 14    Dex: 15    Spells: 0 memorised, 19 levels left

rFire  . . .     SeeInvis +     a - +7 broad axe "Human's Doom" {freeze, *Rage +Rage rC++}
rCold  + + .     Rnd*Rage +     p - +4 plate armour {rPois}
rNeg   + . .     SustAb   .     c - +0 shield {rN+}
rPois  +         Gourm    .     O - +1 helmet {SInv}
rElec  .         Spirit   .     Q - +1 cloak of Truth {Int+5 Dex+2}
rCorr  .         Warding  .     y - +2 pair of gloves of the Alphagorgon {-Cast +Inv Str+4 SInv}
rMut   .         Stasis   .     W - +2 pair of boots "Jijigil" {MR++}
MR     +++..     NoCast   +     (no amulet)
Stlth  ..........               S - +4 ring of evasion
                                M - +6 ring of intelligence

@: extremely resistant to hostile enchantments, extremely unstealthy
A: spit poison 1
a: Spit Poison, Heroism, Finesse, Renounce Religion, Evoke Berserk Rage, Evoke
Invisibility
}: 2/15 runes: decaying, gossamer


You were on level 2 of the Vaults.
You worshipped Okawaru.
Okawaru was exalted by your worship.
You were hungry.

You visited 6 branches of the dungeon, and saw 36 of its levels.
You visited the Abyss 1 time.
You also visited: Labyrinth, Sewer and Ice Cave.

You collected 3126 gold pieces.
You spent 344 gold pieces at shops.

Inventory:

Hand weapons
 a - the +7 broad axe "Human's Doom" (weapon) {freeze, *Rage +Rage rC++}
   (Okawaru gifted it to you on level 4 of the Lair of Beasts)

   It has been specially enchanted to freeze those struck by it, causing extra
   injury to most foes and up to half again as much damage against particularly
   susceptible opponents.
   It can also slow down cold-blooded creatures.
   It greatly protects you from cold.
   It lets you go berserk.
   It may make you go berserk in combat.
 b - the +7 war axe "Goblinslayer" {flame, MR+ Str-4 Dex+3 SInv Stlth+}
   (You found it on level 4 of the Dungeon)

   It has been specially enchanted to burn those struck by it, causing extra
   injury to most foes and up to half again as much damage against particularly
   susceptible opponents.
   Big, fiery blades are also staple armaments of hydra-hunters.
   It affects your strength (-4).
   It affects your dexterity (+3).
   It affects your resistance to hostile enchantments.
   It enhances your eyesight.
   It makes you more stealthy.
 i - the +8 war axe of Ipiat {drain, rN+}
   (Okawaru gifted it to you on level 4 of the Spider Nest)

   A truly terrible weapon, it drains the life of those it strikes.
   It protects you from negative energy.
 G - the -1 hand axe "Eshrir" {chop, rElec rC+ Dex-3 SInv, unknown}
   (Okawaru gifted it to you on level 2 of the Vaults)

   It inflicts extra damage upon your enemies.
   It affects your dexterity (-3).
   It protects you from cold.
   It insulates you from electricity.
   It enhances your eyesight.
 K - a +5 executioner's axe of chopping
 T - a +4 broad axe of freezing
Armour
 c - a +0 shield of positive energy (worn)
 f - a +2 pair of gloves
 n - a +0 steam dragon armour
 p - a +4 plate armour of poison resistance (worn)
 r - the cursed +0 chain mail of Epsiamumm {+Fly Regen+ MP+9 Stlth+}
   (You found it on level 5 of the Spider Nest)

   It affects your magic capacity (+9).
   It lets you fly.
   It increases your rate of regeneration.
   It makes you more stealthy.
   It has a curse placed upon it.
 y - the +2 pair of gloves of the Alphagorgon (worn) {-Cast +Inv Str+4 SInv}
   (Okawaru gifted it to you on level 2 of the Swamp)

   It affects your strength (+4).
   It enhances your eyesight.
   It lets you turn invisible.
   It prevents spellcasting.
 O - a +1 helmet of see invisible (worn)
 Q - the +1 cloak of Truth (worn) {Int+5 Dex+2}
   (Okawaru gifted it to you on level 5 of the Spider Nest)

   It affects your intelligence (+5).
   It affects your dexterity (+2).
 W - the +2 pair of boots "Jijigil" (worn) {MR++}
   (You acquired it on level 4 of the Swamp)

   It affects your resistance to hostile enchantments.
Rods
 F - a +1 rod of clouds (13/13)
   (You found it on level 12 of the Dungeon)
Jewellery
 B - a cursed ring of teleportation {unknown}
 J - an uncursed ring of sustain abilities
 M - a +6 ring of intelligence (left hand)
 S - a +4 ring of evasion (right hand)
 V - an uncursed ring of protection from fire
Magical devices
 x - a wand of slowing (15)
 L - a wand of digging (11)
 P - a wand of paralysis (10)
 X - a wand of fire (5)
 Z - a wand of cold (6)
Scrolls
 j - 4 scrolls of enchant armour
 l - 7 scrolls of identify
 m - 15 scrolls of remove curse
 o - 8 scrolls of magic mapping
 H - 2 scrolls of teleportation
 N - a scroll of silence
Potions
 e - 4 potions of might
 h - a potion of magic {unknown}
 t - 3 potions of flight
 u - a potion of haste
 v - 4 potions of brilliance
 w - 6 potions of curing
 z - 8 potions of resistance
 E - 6 potions of agility
 U - 6 potions of restore abilities
Books
 q - a book of Battle

   Spells                             Type                      Level
   a - Infusion                       Charms                       1
   b - Shroud of Golubria             Charms/Translocation         2
   c - Song of Slaying                Charms                       2
   d - Spectral Weapon                Hexes/Charms                 3
   e - Regeneration                   Charms/Necromancy            3
 A - a Fen Folio

   Spells                             Type                      Level
   a - Corpse Rot                     Necromancy                   2
   b - Stone Arrow                    Conjuration/Earth            3
   c - Leda's Liquefaction            Hexes/Earth                  4
   d - Summon Forest                  Summoning/Translocation      5
   e - Hydra Form                     Transmutation                6
   f - Summon Hydra                   Summoning                    7
Miscellaneous
 s - a phial of floods
 I - a plain deck of changes {drawn: 1}
Comestibles
 d - 27 bread rations
 g - 20 fruits
 k - 4 beef jerkies
 C - 3 chunks of flesh
 D - 9 meat rations


   Skills:
 * Level 14.5 Fighting
 + Level 18.2 Axes
 + Level 15.7 Armour
 - Level 14.6 Dodging
 + Level 13.2 Shields


You had 19 spell levels left.
You didn't know any spells.

Dungeon Overview and Level Annotations

Branches:
Dungeon (15/15)            Temple (1/1) D:6            Lair (8/8) D:8
  Swamp (5/5) Lair:6       Spider (5/5) Lair:3        Slime (0/6) Lair:7
    Orc (0/4) D:12         Vaults (2/5) D:14         Depths (0/5) D:15
  Crypt: Vaults:2-3

Altars:
Ashenzari
Cheibriados
Dithmenos
Elyvilon
Fedhas
Gozag
Kikubaaqudgha
Makhleb
Nemelex Xobeh
Okawaru
Qazlal
Ru
Sif Muna
Trog
Vehumet
Xom
Yredelemnul
Zin
The Shining One
Beogh

Shops:
D:5 :   D:6 [   D:8 !   D:11 }   Vaults:1 !

Annotations:
D:9 exclusion: statue
Lair:4 exclusion: ice statue
Vaults:2 Frederick


Innate Abilities, Weirdness & Mutations

You can spit poison.


Message History

A stone giant opens the door.
A stone giant is nearby!
You close the door.
A stone giant opens the door.
The stone giant hits you but does no damage.
There is an open door here.
The stone giant throws a large rock.
The large rock hits you!!
* * * LOW HITPOINT WARNING * * *
You see here a large rock.
The stone giant throws a large rock.
You block the large rock.
You see here a large rock.
Read which item? (? for menu, Esc to quit)
Okay, then.
There is an open door here.
The stone giant throws a large rock.
The large rock hits you.
* * * LOW HITPOINT WARNING * * *
You see here a large rock.
You close the door.
A stone giant opens the door.
The stone giant throws a large rock.
The large rock hits you!!
You die...

#.........[.#
########..#######..#
#......#..# #..# #
#......#..# #>.#########
#.....(#..# #..#.......#
#......'..# #..#....C..#
#......#..# #..'C.###..+
#......(..#######.C#(.# #..#
########...@.......#.(###..+
#)..........#.......#
#############.......#
#########


You could see a stone giant.

Vanquished Creatures
  Mara (Spider:5)
  Arachne (Spider:2)
  A tentacled monstrosity (Swamp:5)
  An Ice Fiend (IceCv)
  Asterion (Lair:3)
  4 thorn hunters
  Rupert (Spider:5)
  A player illusion (Spider:5)
  A sphinx (Vaults:2)
  Roxanne (Swamp:5)
  Maud (Lair:4)
  A deep elf sorcerer (Vaults:2)
  6 ghost moths
  Louise (Spider:5)
  6 emperor scorpions
  An ironheart preserver (Vaults:2)
  A very ugly thing (Swamp:4)
  A deep elf annihilator (Vaults:2)
  A blizzard demon (Abyss:1)
  A fire dragon (D:10)
  A minotaur (Lab)
  An ettin (D:15)
  A great orb of eyes (Vaults:2)
  A rakshasa (Vaults:2)
  21 hydras
  Harold (D:12)
  An ice dragon (Vaults:2)
  6 centaur warriors
  The ghost of KarvaRausku the Cleaver, a powerful HuFi of Okawaru (D:11)
  2 ghost crabs (Swamp:4)
  Erica (Lair:6)
  An ogre mage (Vaults:2)
  9 alligators
  2 dancing weapons (D:14)
  A catoblepas (Lair:6)
  2 tengu warriors
  Urug (D:12)
  4 death yaks (Lair:8)
  Nergalle (Lair:6)
  3 deep elf knights
  A fire crab (Lair:8)
  4 ice devils (IceCv)
  10 skeletal warriors
  An unseen horror (Vaults:1)
  2 spriggan druids
  A deep troll (shapeshifter) (D:15)
  A deep troll (D:15)
  5 ironbrand convokers
  6 hill giants
  2 shambling mangroves
  A giant orange brain (Vaults:2)
  An ice statue (IceCv)
  6 swamp dragons
  A flayed ghost (Vaults:1)
  A manticore (D:14)
  3 cyclopes
  3 griffons
  2 moths of wrath (Spider:5)
  2 oklob plants (Lair:1)
  29 wolf spiders
  12 ugly things
  11 orb spiders
  2 vault sentinels
  10 elephants
  13 black mambas
  3 hornets
  An orange demon (Abyss:1)
  7 gargoyles
  A queen ant (Spider:1)
  3 centaur skeletons
  9 komodo dragons
  18 spiny frogs
  13 demonic crawlers
  2 anaconda simulacra (IceCv)
  A kobold demonologist (Vaults:2)
  3 fire drakes
  An efreet (D:13)
  5 freezing wraiths
  A tengu conjurer (D:12)
  3 yaktaurs
  13 polar bears
  A troll (shapeshifter) (D:14)
  A merfolk (D:9)
  4 trolls
  10 giant leeches
  24 jumping spiders
  21 blink frogs
  5 bog bodies
  4 boulder beetles
  3 raiju (Lair:8)
  A blue devil (Lair:4)
  A trapdoor spider zombie (D:12)
  15 ravens
  8 baby alligators
  22 slime creatures
  2 basilisks
  33 trapdoor spiders
  45 yaks
  6 centaur simulacra
  A human simulacrum (Vaults:2)
  14 hippogriffs
  37 redbacks
  3 dire elephant simulacra (IceCv)
  A neqoxec (Abyss:1)
  2 shadows
  5 spriggans
  3 water elementals (D:15)
  Eustachio (D:6)
  21 tarantellas
  2 deep elf magi (D:14)
  5 deep elf fighters (Vaults:2)
  A wraith (D:15)
  3 hungry ghosts
  3 wyverns
  7 wargs (Lair:8)
  23 wolves
  5 iron troll simulacra (IceCv)
  3 vampire mosquitoes (Swamp:1)
  35 swamp worms
  Edmund (D:5)
  11 porcupines
  3 hell hounds (Lair:8)
  2 mottled dragons
  27 water moccasins
  A harpy simulacrum (IceCv)
  3 soldier ants
  2 hydra simulacra (IceCv)
  7 wasps
  10 orc warriors
  A spectral blink frog (Swamp:4)
  3 sky beasts
  13 black bears
  2 necrophages
  12 swamp drakes
  5 phantoms
  A boggart (Vaults:2)
  46 spiders
  An alligator simulacrum (IceCv)
  3 boring beetles (Spider:4)
  17 crocodiles
  An eye of draining (D:10)
  11 centaurs
  2 ettin simulacra (IceCv)
  12 ogres
  22 ice beasts
  Duvessa (D:6)
  3 big kobolds
  A gnoll sergeant (D:8)
  A water moccasin zombie (D:9)
  20 giant frogs
  A spectral water moccasin (Swamp:4)
  A swamp dragon simulacrum (IceCv)
  12 scorpions
  22 killer bees
  2 elephant simulacra (IceCv)
  12 wights
  3 centaur zombies
  3 electric eels
  Dowan (D:6)
  2 quasits
  A draconian simulacrum (IceCv)
  23 hounds
  4 jellies
  3 goliath beetles
  An iron imp (D:6)
  2 giant frog zombies
  9 crimson imps
  5 giant frog skeletons
  Crazy Yiuf (D:3)
  2 gnoll shamans
  10 orc priests
  9 iguanas
  12 orc wizards
  3 spriggan simulacra (IceCv)
  24 worker ants
  A wolf simulacrum (IceCv)
  11 sheep
  2 troll simulacra (IceCv)
  A sky beast zombie (D:6)
  A hound zombie (D:10)
  A hound skeleton (D:5)
  3 mummies
  31 adders
  53 river rats
  6 shadow imps
  A naga simulacrum (IceCv)
  An ogre simulacrum (IceCv)
  19 gnolls
  5 giant mites
  13 white imps
  3 worms
  5 ufetubi
  An adder skeleton (D:5)
  3 giant geckos
  4 oozes (Lair:7)
  57 orcs
  4 ball pythons
  A bat skeleton (D:5)
  2 bat zombies (D:6)
  7 giant cockroaches
  9 goblins
  12 hobgoblins
  12 jackals
  29 kobolds
  16 bats
  8 giant newts
  A giant spore (D:14)
  2 hobgoblin zombies
  2 orc zombies (D:7)
  16 quokkas
  2 quokka skeletons
  A quokka zombie (D:10)
  16 rats
  2 spectral orcs
  22 ballistomycetes
  3 briar patches (Swamp:5)
  2 bushes (Lair:2)
  11 fungi
  21 plants
1525 creatures vanquished.

Vanquished Creatures (collateral kills)
  Aizul (Spider:2)
  2 spiders
3 creatures vanquished.

Vanquished Creatures (others)
  2 spriggans (Swamp:4)
  An orb spider (Spider:5)
  A jumping spider (Spider:5)
  2 trapdoor spiders
  A water elemental (D:11)
  A redback (Spider:3)
  A spider (Spider:5)
  2 wasps (Swamp:4)
  A white imp (IceCv)
  4 ufetubi (IceCv)
  A giant cockroach zombie (D:6)
  6 giant spores
  14 fungi
  4 plants (Lair:8)
41 creatures vanquished.

Grand Total: 1569 creatures vanquished

Notes
Turn   | Place    | Note
--------------------------------------------------------------
     0 | D:1      | KarvaRausku, the Human Fighter, began the quest for the Orb.
     0 | D:1      | Reached XP level 1. HP: 18/18 MP: 1/1
   194 | D:1      | Reached XP level 2. HP: 24/24 MP: 2/2
   942 | D:2      | Reached XP level 3. HP: 27/29 MP: 3/3
  1211 | D:2      | Reached skill level 4 in Axes
  1211 | D:2      | Reached XP level 4. HP: 18/35 MP: 4/4
  2346 | D:3      | Noticed Crazy Yiuf
  2350 | D:3      | Paralysed by Crazy Yiuf for 4 turns
  2366 | D:3      | Killed Crazy Yiuf
  2366 | D:3      | Reached skill level 5 in Axes
  2366 | D:3      | Reached XP level 5. HP: 24/41 MP: 5/5
  3045 | D:4      | Got a twisted war axe
  3046 | D:4      | Identified the +7 war axe "Goblinslayer" {flame, MR+ Str-4 Dex+3 SInv Stlth+} (You found it on level 4 of the Dungeon)
  3128 | D:4      | Reached XP level 6. HP: 37/47 MP: 6/6
  3168 | D:4      | Found a snail-covered altar of Cheibriados.
  3175 | D:4      | Reached skill level 6 in Axes
  3271 | D:4      | Found a basalt altar of Yredelemnul.
  3677 | D:5      | Entered Level 5 of the Dungeon
  3714 | D:5      | Found a shadowy altar of Dithmenos.
  3780 | D:5      | Noticed Edmund
  3787 | D:5      | Killed Edmund
  3787 | D:5      | Reached skill level 7 in Axes
  3787 | D:5      | Reached XP level 7. HP: 47/52 MP: 7/7
  3848 | D:5      | Found a staircase to the Ecumenical Temple.
  3922 | D:5      | Found a white marble altar of Elyvilon.
  3923 | D:5      | Found a sparkling altar of Nemelex Xobeh.
  4133 | D:5      | Found an opulent altar of Gozag.
  4138 | D:5      | Found Urrimu's Book Emporium.
  4697 | D:6      | Reached skill level 8 in Axes
  4711 | D:6      | Reached XP level 8. HP: 37/58 MP: 8/8
  4757 | D:6      | Found a glowing drain.
  4768 | Sewer    | Entered a sewer
  4827 | Sewer    | Reached skill level 9 in Axes
  5319 | D:6      | Noticed Eustachio
  5320 | D:6      | Found a stormy altar of Qazlal.
  5332 | D:6      | Killed Eustachio
  5362 | D:6      | Found a snail-covered altar of Cheibriados.
  5383 | D:6      | Reached skill level 10 in Axes
  5409 | D:6      | Found a staircase to the Ecumenical Temple.
  5416 | Temple   | Entered the Ecumenical Temple
  5479 | Temple   | Became a worshipper of Warmaster Okawaru
  5518 | D:6      | Found Kleh's Armour Emporium.
  5531 | D:6      | Reached XP level 9. HP: 61/63 MP: 9/9
  5687 | D:6      | Noticed Dowan
  5693 | D:6      | Noticed Duvessa
  5697 | D:6      | Killed Duvessa
  5697 | D:6      | Reached skill level 11 in Axes
  5706 | D:6      | Killed Dowan
  5998 | D:7      | Acquired Okawaru's first power
  6911 | D:7      | Reached skill level 12 in Axes
  7179 | D:7      | Reached skill level 1 in Dodging
  7884 | D:8      | Found Lesu's Distillery.
  7947 | D:8      | Found a snail-covered altar of Cheibriados.
  7955 | D:8      | Found a staircase to the Lair.
  7988 | D:8      | Reached XP level 10. HP: 49/70 MP: 10/10
  8627 | D:9      | Found a radiant altar of Vehumet.
  9758 | D:10     | Entered Level 10 of the Dungeon
  9758 | D:10     | Noticed a hill giant
  9911 | D:7      | Reached skill level 5 in Armour
  9911 | D:7      | Reached skill level 5 in Shields
 10093 | Lair:1   | Entered Level 1 of the Lair of Beasts
 10108 | Lair:1   | Noticed a spiny frog
 10122 | Lair:1   | Killed a spiny frog
 10122 | Lair:1   | Reached skill level 5 in Fighting
 10511 | Lair:1   | Noticed a spiny frog
 10522 | Lair:1   | Killed a spiny frog
 10522 | Lair:1   | Reached XP level 11. HP: 45/80 MP: 11/11
 10796 | D:10     | Noticed a gargoyle
 10806 | D:10     | Killed a gargoyle
 11000 | D:10     | Noticed a hill giant
 11334 | D:10     | Reached skill level 5 in Dodging
 11837 | D:10     | Noticed a gargoyle
 12469 | D:10     | Killed a gargoyle
 12722 | D:10     | Noticed a hill giant
 12726 | D:10     | Noticed a fire dragon
 12726 | D:10     | a hill giant changed into a fire dragon
 13038 | Lair:1   | Acquired Okawaru's second power
 13124 | Lair:1   | Noticed an oklob plant
 13133 | Lair:1   | Noticed an oklob plant
 13146 | Lair:1   | Killed an oklob plant
 13146 | Lair:1   | Reached skill level 13 in Axes
 13151 | Lair:1   | Killed an oklob plant
 13155 | Lair:1   | Got a bone battleaxe
 13157 | Lair:1   | Got an iridescent scythe
 13275 | Lair:1   | Identified the +5 battleaxe "Transmigrator" {pain, rPois} (You found it on level 1 of the Lair of Beasts)
 13506 | Lair:1   | Noticed an eight-headed hydra
 13521 | Lair:1   | Killed a two-headed hydra
 13521 | Lair:1   | Received a gift from Okawaru
 13669 | Lair:1   | Identified the +7 scythe of Circularity {elec, Str-2 Int+3 Dex+4 Stlth+} (You found it on level 1 of the Lair of Beasts)
 14364 | Lair:2   | Reached XP level 12. HP: 89/89 MP: 12/12
 15796 | D:10     | Killed a hill giant
 16259 | D:11     | Noticed KarvaRausku's ghost (powerful HuFi)
 16924 | D:11     | Killed KarvaRausku's ghost
 17033 | D:11     | Found Waune's Gadget Boutique.
 17441 | D:12     | Found a deep blue altar of Sif Muna.
 17447 | D:12     | Identified a +1 rod of clouds (13/13) (You found it on level 12 of the Dungeon)
 17579 | D:12     | Received a gift from Okawaru
 17579 | D:12     | Reached XP level 13. HP: 81/98 MP: 13/13
 17665 | D:12     | Reached skill level 14 in Axes
 17777 | D:12     | Noticed a tengu warrior
 18429 | Lair:3   | Found a hole to the Spider Nest.
 19201 | Lair:4   | Found a staircase to the Snake Pit.
 19463 | Lair:4   | Received a gift from Okawaru
 19468 | Lair:4   | Got a twisted broad axe {god gift}
 19469 | Lair:4   | Identified the +7 broad axe "Human's Doom" {freeze, *Rage +Rage rC++} (Okawaru gifted it to you on level 4 of the Lair of Beasts)
 19817 | Lair:4   | Noticed Maud
 19843 | Lair:4   | Killed Maud
 20769 | Lair:5   | Reached skill level 15 in Axes
 20791 | Lair:5   | Received a gift from Okawaru
 20800 | Lair:5   | Got a twisted war axe {god gift}
 20801 | Lair:5   | Identified the +3 war axe of Clarac {speed, rC+} (Okawaru gifted it to you on level 5 of the Lair of Beasts)
 21065 | Lair:5   | Reached skill level 10 in Armour
 21096 | Lair:5   | Got an ichor-stained scale mail
 21107 | Lair:5   | Identified the +1 scale mail of the Cicada {rC+ rCorr Str+2 Dex+3} (You found it on level 5 of the Lair of Beasts)
 21289 | Lair:5   | Found a radiant altar of Vehumet.
 21955 | D:12     | Killed a tengu warrior
 21955 | D:12     | Reached XP level 14. HP: 105/108 MP: 14/14
 21987 | D:12     | Noticed a skeletal warrior
 21987 | D:12     | Noticed a skeletal warrior
 21988 | D:12     | Noticed a skeletal warrior
 22017 | D:11     | Killed a skeletal warrior
 22103 | D:11     | Killed a skeletal warrior
 22184 | D:12     | Killed a skeletal warrior
 22204 | D:12     | Noticed a skeletal warrior
 22205 | D:12     | Noticed a skeletal warrior
 22215 | D:12     | Killed a skeletal warrior
 22230 | D:12     | Killed a skeletal warrior
 22230 | D:12     | Received a gift from Okawaru
 22408 | D:12     | Noticed Harold
 22418 | D:12     | Killed Harold
 22551 | D:12     | Noticed Urug
 22562 | D:12     | Killed Urug
 22636 | D:12     | Found a staircase to the Orcish Mines.
 22953 | D:13     | Reached skill level 10 in Dodging
 23416 | D:13     | Found a roughly hewn altar of Beogh.
 23831 | D:14     | Found a basalt altar of Yredelemnul.
 24210 | D:14     | Found a gate to the Vaults.
 25031 | D:15     | Entered Level 15 of the Dungeon
 25191 | D:15     | Received a gift from Okawaru
 25196 | D:15     | Got a scorched longbow {god gift}
 25252 | D:15     | Found a staircase to the Depths.
 25258 | D:15     | Reached XP level 15. HP: 113/115 MP: 15/15
 25521 | D:15     | Reached skill level 10 in Fighting
 27211 | Lair:6   | Found a labyrinth entrance.
 27220 | Lab      | Entered a labyrinth
 27389 | Lair:6   | Received a gift from Okawaru
 27559 | Lair:6   | Identified the +8 longbow of Truth {flame, rElec rC+ rN++ Int+2} (Okawaru gifted it to you on level 15 of the Dungeon)
 27940 | Lair:6   | Noticed Erica
 27948 | Lair:6   | Killed Erica
 27975 | Lair:6   | Found a staircase to the Swamp.
 28100 | Lair:6   | Noticed Nergalle
 28113 | Lair:6   | Killed Nergalle
 28545 | Lair:7   | Found a staircase to the Slime Pits.
 29454 | Lair:8   | Entered Level 8 of the Lair of Beasts
 29569 | Lair:8   | Got a steaming golden amulet
 29570 | Lair:8   | Identified the amulet "Xaqar" {Inacc rF- Dex+5} (You found it on level 8 of the Lair of Beasts)
 29657 | Lair:8   | Reached XP level 16. HP: 124/124 MP: 16/16
 29840 | Lair:8   | Reached skill level 16 in Axes
 29852 | Lair:8   | Received a gift from Okawaru
 29875 | Lair:8   | Got a thick robe {god gift}
 30911 | Lair:8   | Identified the +0 robe of the Peculiar Songs {MR- rCorr Dex+2} (Okawaru gifted it to you on level 8 of the Lair of Beasts)
 31068 | Spider:1 | Entered Level 1 of the Spider Nest
 31123 | Spider:1 | Noticed Asterion
 31395 | Lair:3   | Killed Asterion
 32270 | Spider:2 | Received a gift from Okawaru
 32359 | Spider:2 | Reached skill level 10 in Shields
 32750 | Spider:2 | Noticed Arachne
 32780 | Spider:2 | Killed Arachne
 33075 | Spider:2 | Noticed Aizul
 33092 | Spider:2 | Killed Aizul
 33092 | Spider:2 | Reached XP level 17. HP: 133/133 MP: 17/17
 33138 | Spider:2 | Gained mutation: You can spit poison. [potion of beneficial mutation]
 34358 | Spider:3 | Found a roughly hewn altar of Beogh.
 34853 | Spider:4 | Received a gift from Okawaru
 34859 | Spider:4 | Got a shimmering war axe {god gift}
 34860 | Spider:4 | Identified the +8 war axe of Ipiat {drain, rN+} (Okawaru gifted it to you on level 4 of the Spider Nest)
 36145 | Spider:5 | Entered Level 5 of the Spider Nest
 36174 | Spider:5 | Got a fine chain mail
 36185 | Spider:5 | Identified the +0 chain mail of Epsiamumm {+Fly Regen+ MP+9 Stlth+} (You found it on level 5 of the Spider Nest)
 36495 | Spider:5 | Received a gift from Okawaru
 36499 | Spider:5 | Got a brightly glowing hand axe {god gift}
 36583 | Spider:5 | Noticed Mara
 36604 | Spider:5 | Noticed KarvaRausku's illusion
 36680 | Spider:5 | Killed KarvaRausku's illusion
 37034 | Spider:5 | Noticed KarvaRausku's illusion
 37038 | Spider:5 | Killed Mara
 37510 | Spider:5 | Received a gift from Okawaru
 37637 | Spider:5 | Noticed Louise
 38080 | Spider:3 | Reached skill level 17 in Axes
 38160 | Spider:4 | Reached XP level 18. HP: 142/142 MP: 0/18
 38696 | D:8      | Bought a potion of heal wounds for 70 gold pieces
 38696 | D:8      | Bought a potion of heal wounds for 70 gold pieces
 38696 | D:8      | Bought a potion of curing for 42 gold pieces
 39208 | Spider:5 | Cast into the Abyss (Louise)
 39319 | Spider:5 | Escaped the Abyss
 39328 | Spider:5 | Killed Louise
 39328 | Spider:5 | Received a gift from Okawaru
 39331 | Spider:5 | Got an ancient cloak {god gift}
 39349 | Spider:4 | Identified the +1 cloak of Truth {Int+5 Dex+2} (Okawaru gifted it to you on level 5 of the Spider Nest)
 39423 | Spider:5 | Noticed Rupert
 39957 | Spider:5 | Killed Rupert
 39975 | Spider:5 | Got a gossamer rune of Zot
 40332 | Swamp:1  | Entered Level 1 of the Swamp
 40368 | Swamp:1  | Identified a scroll of acquirement
 40663 | Temple   | Identified the +5 hand axe of Linearity {vamp, Dex+7 Stlth+} (Okawaru gifted it to you on level 5 of the Spider Nest)
 41466 | Swamp:2  | Found a frozen archway.
 41492 | IceCv    | Entered an ice cave
 41606 | IceCv    | Got a bronze leather armour
 42234 | IceCv    | Noticed an Ice Fiend
 42819 | IceCv    | Killed an Ice Fiend
 43619 | Swamp:2  | Received a gift from Okawaru
 43640 | Swamp:2  | Got a pair of spiked gloves {god gift}
 43646 | Swamp:2  | Identified the +2 pair of gloves of the Alphagorgon {-Cast +Inv Str+4 SInv} (Okawaru gifted it to you on level 2 of the Swamp)
 44198 | Swamp:3  | Identified the cursed -3 leather armour "Ubrer" {-Tele MR- rCorr Str+5} (You found it in an ice cave)
 44739 | Swamp:4  | Reached XP level 19. HP: 149/149 MP: 18/18
 44763 | Swamp:4  | Got a pair of dazzling boots
 44774 | Swamp:4  | Identified the +2 pair of boots "Jijigil" {MR++} (You acquired it on level 4 of the Swamp)
 44795 | Swamp:4  | Reached skill level 15 in Armour
 45454 | Swamp:4  | Drew Focus: Str increased to 23, Int decreased to 10
 45767 | Swamp:5  | Entered Level 5 of the Swamp
 45887 | Swamp:5  | Noticed a tentacled monstrosity
 46263 | Swamp:5  | Killed a tentacled monstrosity
 46938 | Swamp:5  | Noticed Roxanne
 47459 | Swamp:5  | Killed Roxanne
 47466 | Swamp:5  | Received a gift from Okawaru
 47472 | Swamp:5  | Identified Roxanne's Incunabulum of Shifting Clay (You took it off Roxanne on level 5 of the Swamp)
 47536 | Swamp:5  | Got a decaying rune of Zot
 48037 | D:10     | Killed a fire dragon
 48333 | Vaults:1 | Entered Level 1 of the Vaults
 48404 | Vaults:1 | Found Frenil's Distillery.
 48411 | Vaults:1 | Bought a potion of curing for 54 gold pieces
 48411 | Vaults:1 | Bought a potion of curing for 54 gold pieces
 48411 | Vaults:1 | Bought a potion of curing for 54 gold pieces
 49242 | Vaults:1 | Reached skill level 18 in Axes
 49842 | Vaults:2 | Reached XP level 20. HP: 159/159 MP: 19/19
 49937 | Vaults:2 | Received a gift from Okawaru
 49945 | Vaults:2 | Got a fine hand axe {god gift}
 50244 | Vaults:2 | Noticed Frederick
 50275 | Vaults:2 | HP: 8/160 [spellforged servitor/bolt of cold[Frederick] (25)]
 50332 | Vaults:2 | HP: 5/160 [stone giant/large rock (28)]
 50346 | Vaults:2 | HP: 7/160 [stone giant/large rock (3)]
 50354 | Vaults:2 | Hit by a large rock thrown by a stone giant

Action                   |  1- 3 |  4- 6 |  7- 9 | 10-12 | 13-15 | 16-18 | 19-21 || total
-------------------------+-------+-------+-------+-------+-------+-------+-------++-------
Melee: War axe           |    79 |   124 |   280 |   401 |   124 |   257 |   103 ||  1368
       Morningstar       |       |    61 |       |       |       |       |       ||    61
       Battleaxe         |       |       |       |   354 |   162 |       |       ||   516
       Broad axe         |       |       |       |       |   891 |  1511 |   509 ||  2911
 Abil: Spit Poison       |       |       |       |       |       |     2 |       ||     2
Evoke: Wand              |       |       |     4 |     9 |     2 |    28 |     1 ||    44
       Deck              |       |       |       |     1 |       |     6 |     1 ||     8
       Phial of floods   |       |       |       |     1 |       |     1 |       ||     2
       Rod               |       |       |       |     1 |       |       |       ||     1
  Use: Scroll            |       |       |     9 |    12 |    22 |    20 |    11 ||    74
       Potion            |       |       |     1 |     3 |     3 |    14 |     3 ||    24
 Stab: Confused          |       |       |       |       |       |       |     1 ||     1
  Eat: Chunk             |     1 |     9 |    11 |    17 |    48 |    47 |    12 ||   145
       Royal jelly       |       |       |     1 |       |       |     2 |       ||     3
       Fruit             |       |       |       |     3 |     3 |     1 |     5 ||    12
       Meat ration       |       |       |       |     2 |     2 |       |     2 ||     6
       Pizza             |       |       |       |     1 |     1 |     2 |       ||     4
       Beef jerky        |       |       |       |       |       |    19 |     2 ||    21
